 Dungeon Crawl Stone Soup version 0.27-a0-899-ge2d0b17c59 (webtiles) character file.

Game seed: 530630112449481761

93453 mhtbhm the Bludgeoner (level 16, -11/108 HPs)
             Began as a Gargoyle Berserker on Apr 5, 2021.
             Was the Champion of Trog.
             Shot with a bolt by a yaktaur captain (16 damage)
             ... on level 14 of the Dungeon.
             The game lasted 00:28:17 (20388 turns).

mhtbhm the Bludgeoner (Gargoyle Berserker)         Turns: 20388, Time: 00:28:18

Health: -11/108    AC: 31    Str: 38    XL:     16   Next: 8%
Magic:  12/12      EV: 11    Int: 13    God:    Trog [******]
Gold:   1811       SH:  0    Dex:  9    Spells: 15/15 levels left

rFire    . . .     SeeInvis .   a - +13 great mace of Trog's Benevolence {vorpal, rElec Int+3 Dex+2}
rCold    + . .     Faith    .   (shield currently unavailable)
rNeg     + . .     Spirit   .   b - +2 chain mail {rC+}
rPois    ∞         Reflect  .   t - +2 helmet
rElec    +         Harm     .   B - +2 cloak
rCorr    .         Rampage  .   (no gloves)
Will     +....     Rnd*Rage +   S - +0 pair of boots
Stlth    ..........             h - amulet of the Vendetta {+Inv Fly rElec Regen+ Stlth-}
HPRegen  1.28/turn              M - +6 ring of strength
MPRegen  0.13/turn              U - +6 ring of strength

@: corroded, berserk cooldown, flying, slowed, very slow
A: AC +12, big wings, negative energy resistance 1, electricity resistance,
torment resistance 1, unbreathing 1, petrification resistance, clumsy 1, sense
surroundings 1, wild magic 1, [berserk 1], [low mp 2]
a: Renounce Religion, Evoke Invisibility, Berserk, Trog's Hand, Brothers in Arms


You were on level 14 of the Dungeon.
You worshipped Trog.
Trog was exalted by your worship.
You visited 2 branches of the dungeon, and saw 20 of its levels.
You visited the Abyss 1 time.
You also visited: Sewer, Ossuary and Ice Cave.

You collected 1811 gold pieces.

Inventory:

Hand Weapons
 a - the +13 great mace of Trog's Benevolence (weapon) {vorpal, rElec Int+3 Dex+2}
   (Trog gifted it to you in an ice cave)

   It inflicts extra damage upon your enemies.
   It affects your intelligence (+3).
   It affects your dexterity (+2).
   It insulates you from electricity.
 o - a +4 morningstar of holy wrath
Missiles
 v - a throwing net
 L - 12 atropa-tipped darts (quivered)
Armour
 b - a +2 chain mail of cold resistance (worn)
 c - a +0 kite shield
 t - a +2 helmet (worn)
 B - a +2 cloak (worn)
 S - a +0 pair of boots (worn)
Jewellery
 h - the amulet of the Vendetta (around neck) {+Inv Fly rElec Regen+ Stlth-}
   (You acquired it on level 5 of the Dungeon)

   [amulet of regeneration]

   It insulates you from electricity.
   It lets you turn invisible.
   It grants you flight.
   It increases your rate of health regeneration.
   It makes you less stealthy.
 r - a ring of see invisible
 y - a ring of ice
 F - a +6 ring of dexterity
 G - a ring of fire
 M - a +6 ring of strength (left hand)
 U - a +6 ring of strength (right hand)
Wands
 m - a wand of iceblast (20)
 q - a wand of flame (51)
 s - a wand of digging (16)
 C - a wand of polymorph (21)
 J - a wand of mindburst (23)
 P - a wand of paralysis (9)
 R - a wand of random effects (26)
Scrolls
 d - a scroll of blinking
 f - 3 scrolls of teleportation
 i - 7 scrolls of fear
 l - 7 scrolls of enchant armour
 p - 2 scrolls of magic mapping
 u - 5 scrolls of fog
 w - 5 scrolls of immolation
 E - 2 scrolls of enchant weapon
 I - a scroll of silence {unknown}
 K - 3 scrolls of summoning
 N - 2 scrolls of brand weapon {unknown}
 O - 2 scrolls of holy word {unknown}
 Q - a scroll of torment
 W - a scroll of identify
Potions
 e - 3 potions of attraction
 g - 3 potions of mutation
 j - 2 potions of berserk rage
 k - 5 potions of heal wounds
 n - 2 potions of haste
 x - 2 potions of cancellation
 z - 2 potions of curing
 A - 2 potions of might
 D - a potion of magic {unknown}
 H - a potion of resistance {unknown}
 T - a potion of degeneration {unknown}
 V - 4 potions of invisibility {unknown}
Miscellaneous
 X - a condenser vane (inert)


   Skills:
 + Level 15.3 Fighting
 + Level 18.8 Maces & Flails
 + Level 13.1 Armour
 + Level 5.4 Dodging
 + Level 4.7 Stealth
 + Level 0.6 Evocations


You had 15 spell levels left.
You didn't know any spells.
Your spell library was empty.

Dungeon Overview and Level Annotations

Branches:
Dungeon (14/15)            Temple (0/1) D:4            Lair (6/6) D:11
  Swamp (0/4) Lair:3        Snake (0/4) Lair:2        Slime (0/5) Lair:5
    Orc (0/2) D:10         Vaults (0/5) D:13          Sewer (visited)
Ossuary (visited)           IceCv (visited)

Altars:
Cheibriados
Dithmenos
Gozag
Hepliaklqana
Kikubaaqudgha
Makhleb
Nemelex Xobeh
Okawaru
Ru
Trog
Vehumet
Wu Jian
Xom
The Shining One
Beogh
Jiyva

Shops:
D:4 (


Innate Abilities, Weirdness & Mutations

Your stone body is resilient. (AC +12)
You are immune to poison.
Your large and strong wings let you fly.
You resist negative energy. (rN+)
You are resistant to electric shocks. (rElec)
You are resistant to unholy torment.
You can survive without breathing.
You are immune to petrification.
You are clumsy. (Dex -2)
You passively map a small area around you.
Your spells are a little harder to cast, but a little more powerful.
[You tend to lose your temper in combat.]
[Your magical capacity is very low. (-20% MP)]


Message History

Trog accepts your kill.
Your stone giant is engulfed in freezing vapours.
Your stone giant rages.
Unknown command.
Really fly into that cloud of freezing vapour?
Okay, then.
The substance of the Abyss twists violently, and a gateway leading out appears!
Your stone giant is engulfed in freezing vapours.
There is a gateway leading out of the Abyss here.
Your stone giant is no longer berserk.
You pass through the gate.
Welcome back to the Dungeon!
Your summoned ally is left behind.
The brown ugly thing barely misses you.
The brown ugly thing closely misses you. x2
The brown ugly thing punches you but does no damage.
Unknown command.
You closely miss the brown ugly thing. The brown ugly thing stings you!
The acid corrodes you!
You are splashed with acid!
* * * LOW HITPOINT WARNING * * *
The brown ugly thing punches you.
* * * LOW HITPOINT WARNING * * *
You are splashed with acid!
* * * LOW HITPOINT WARNING * * *
Unknown command.
The brown ugly thing barely misses you. x2
The brown ugly thing stings you but does no damage.
Unknown command.
Your surroundings suddenly seem different.
A yaktaur captain comes into view.
The yaktaur captain shouts!
A tengu conjurer comes into view. It is carrying a wand of paralysis (4).
The tengu conjurer shouts!
The slime creature quivers.
The slime creature hits you but does no damage.
The yaktaur captain wields a +0 arbalest.
The yaktaur captain shoots a bolt.
The bolt hits you!
* * * LOW HITPOINT WARNING * * *
A centaur warrior comes into view.
The yaktaur captain shoots a bolt.
The bolt hits you!
You die...

, , .# * * , , *
* .. * * * ,
*,..* ,* , , , ,
c# * *, ,#.# * ,
, * * ..# , * ##
, ,, #.##.# .. ,
, .# J###[#J#@#
#$ , #.
G....c.J..Q...?.
# *
#.#.#.#.#.###..
* . *
.##.#...#.##..#
#*
#..#.....#..#*
### *#...[)).# *
#§ ###J8)#* *,
######### #.#.#
........# #.).#
*


You could see a yaktaur captain, a slime creature, a centaur warrior (wandering)
and a tengu conjurer.

Vanquished Creatures
  A lich (Abyss:2)
  A frost giant (IceCv)
  A fire giant (D:14)
  2 very ugly things (Abyss:2)
  2 vault guards (D:13)
  4 catoblepae
  A rakshasa (D:14)
  9 hydras
  A boulder beetle (D:13)
  Fannar (Lair:1)
  5 centaur warriors
  7 two-headed ogres
  7 death yaks
  3 skeletal warriors (D:13)
  A bog body (Lair:3)
  An orc knight (D:11)
  A lindwurm (Lair:5)
  A deep elf zephyrmancer (D:14)
  2 ugly things
  4 manticores
  2 deep elf pyromancers (D:14)
  An oklob plant (Lair:1)
  3 cyclopes
  11 elephants (Lair:6)
  Joseph (D:7)
  Maurice (D:12)
  An ice statue (IceCv)
  2 orange demons (Abyss:2)
  7 gargoyles
  3 black mambas
  8 cane toads
  2 smoke demons (Abyss:2)
  2 unseen horrors (D:11)
  A kobold demonologist (D:12)
  6 rime drakes
  An efreet (D:13)
  11 komodo dragons
  Maggie (Lair:1)
  2 hellwings (Abyss:2)
  3 trolls
  17 polar bears
  6 slime creatures
  28 blink frogs
  3 raiju (Abyss:2)
  A small abomination (Abyss:2)
  7 dream sheep (Lair:4)
  A meliai zombie (D:11)
  57 yaks
  4 wyverns
  2 wraiths
  4 shadows
  A vampire (D:8)
  10 humans (D:13)
  7 vampire mosquitoes
  4 golden eyes (Abyss:2)
  A basilisk (Lair:5)
  3 nagas (Lair:2)
  3 acid dragons
  9 water moccasins
  Purgy (Sewer)
  2 black bears
  11 orc warriors
  3 ice beasts (D:9)
  2 sky beasts
  17 wolves
  2 necrophages
  12 centaurs
  A boggart (D:14)
  3 ogres
  A kobold brigand (D:11)
  A wyvern zombie (D:8)
  2 gnoll sergeants
  17 bullfrogs
  A water moccasin skeleton (D:4)
  3 killer bees (D:9)
  3 wights (D:9)
  4 electric eels
  A howler monkey (D:13)
  5 centaur zombies
  A bullfrog skeleton (D:7)
  10 orc priests
  A centaur skeleton (D:7)
  3 hounds
  A jelly (D:6)
  3 gnoll shamans
  Jessica (D:2)
  3 iguanas
  8 orc wizards
  A centaur simulacrum (D:9)
  11 mummies (Ossuary)
  Robin (D:4)
  A howler monkey zombie (D:9)
  28 gnolls
  A howler monkey skeleton (D:6)
  8 adders
  A river rat (D:5)
  2 shadow imps
  6 white imps
  A howler monkey simulacrum (D:9)
  A dart slug (D:1)
  53 orcs
  11 bats
  4 endoplasms
  5 giant cockroaches
  13 goblins
  12 hobgoblins
  2 jackals (D:4)
  21 kobolds
  4 quokkas
  4 ball pythons
  6 frilled lizards
  4 gnoll skeletons (Ossuary)
  2 goblin skeletons (Ossuary)
  2 kobold skeletons (Ossuary)
  5 rats
  11 rat skeletons (Ossuary)
  A fungus (Lair:3)
  A plant (D:11)
638 creatures vanquished.

Vanquished Creatures (collateral kills)
  A lich (Abyss:2)
  A wretched star (Abyss:2)
  A cyclops (D:10)
  A hellwing (Abyss:2)
  2 golden eyes (Abyss:2)
  An orc warrior (D:10)
  An orc priest (D:10)
  An orc wizard (D:10)
  A white imp (D:10)
  2 orcs (D:10)
12 creatures vanquished.

Vanquished Creatures (others)
  24 fungi
  52 plants
76 creatures vanquished.

Grand Total: 726 creatures vanquished

Notes
Turn   | Place    | Note
-------+----------+-------------------------------------------
     0 | D:1      | mhtbhm the Gargoyle Berserker began the quest for the Orb.
     0 | D:1      | Reached XP level 1. HP: 14/14 MP: 1/1
   194 | D:1      | Reached XP level 2. HP: 16/20 MP: 2/2
   372 | D:1      | Found a faded altar of an unknown god.
  1094 | D:2      | Reached XP level 3. HP: 24/24 MP: 3/3
  1538 | D:2      | Reached ** piety under Trog
  1873 | D:2      | Noticed Jessica
  1878 | D:2      | Killed Jessica
  1879 | D:2      | Reached XP level 4. HP: 29/29 MP: 4/4
  2013 | D:2      | Reached skill level 1 in Stealth
  2131 | D:2      | Reached skill level 4 in Maces & Flails
  2396 | D:3      | Reached XP level 5. HP: 31/33 MP: 5/5
  2527 | D:3      | Found a sparkling altar of Nemelex Xobeh.
  2824 | D:4      | Noticed Robin
  2830 | D:4      | Gained mutation: Your spells are a little harder to cast,
                  | but a little more powerful. [potion of mutation]
  2830 | D:4      | Gained mutation: You are clumsy. (Dex -2) [potion of
                  | mutation]
  2830 | D:4      | Gained mutation: You passively map a small area around you.
                  | [potion of mutation]
  2840 | D:4      | Noticed an ogre
  2855 | D:4      | Killed an ogre
  2856 | D:4      | Reached skill level 5 in Maces & Flails
  2856 | D:4      | Reached XP level 6. HP: 19/39 MP: 6/6
  2862 | D:4      | Killed Robin
  2929 | D:4      | Reached *** piety under Trog
  3297 | D:4      | Found Waxed's Weapon Shoppe.
  3547 | D:4      | Found a staircase to the Ecumenical Temple.
  3711 | D:4      | Reached skill level 5 in Fighting
  3726 | D:4      | Reached XP level 7. HP: 20/44 MP: 7/7
  4352 | D:5      | Entered Level 5 of the Dungeon
  4355 | D:5      | Identified a scroll of acquirement
  4355 | D:5      | Acquired the amulet of the Vendetta {+Inv Fly rElec Regen+
                  | Stlth-}
  4453 | D:5      | Reached skill level 6 in Maces & Flails
  4486 | D:5      | Found a glowing drain.
  4490 | Sewer    | Entered a sewer
  4526 | Sewer    | Noticed Purgy
  4565 | Sewer    | Killed Purgy
  5157 | D:5      | Reached XP level 8. HP: 50/50 MP: 8/8
  5181 | D:5      | Reached skill level 7 in Maces & Flails
  5474 | D:6      | Reached skill level 5 in Armour
  6015 | D:6      | Reached **** piety under Trog
  6329 | D:7      | Reached skill level 8 in Maces & Flails
  6382 | D:7      | Found a sand-covered staircase.
  6388 | D:7      | Noticed Joseph
  6389 | Ossuary  | Entered an ossuary
  6670 | Ossuary  | Reached XP level 9. HP: 56/56 MP: 9/9
  6711 | D:7      | Killed Joseph
  6712 | D:7      | Reached skill level 9 in Maces & Flails
  6730 | D:7      | Reached ***** piety under Trog
  6777 | D:7      | Found a snail-covered altar of Cheibriados.
  6802 | D:7      | Found a glowing golden altar of the Shining One.
  7228 | D:8      | Reached skill level 10 in Maces & Flails
  7753 | D:8      | Reached XP level 10. HP: 64/64 MP: 10/10
  8008 | D:9      | Noticed a two-headed ogre
  8015 | D:9      | Noticed a two-headed ogre
  8026 | D:9      | Killed a two-headed ogre
  8027 | D:9      | Reached skill level 11 in Maces & Flails
  8033 | D:10     | Entered Level 10 of the Dungeon
  8033 | D:10     | Noticed a cyclops
  8036 | D:10     | Killed a cyclops
  8188 | D:9      | Killed a two-headed ogre
  8551 | D:9      | Found a burning altar of Makhleb.
  8553 | D:9      | Found a sacrificial altar of Ru.
  8554 | D:9      | Found an ornate altar of the Wu Jian Council.
  8554 | D:9      | Found a bloodstained altar of Trog.
  8555 | D:9      | Found an iron altar of Okawaru.
  8555 | D:9      | Found an ancient bone altar of Kikubaaqudgha.
  8555 | D:9      | Found a radiant altar of Vehumet.
  8556 | D:9      | Found a hazy altar of Hepliaklqana.
  8607 | D:9      | Found an opulent altar of Gozag.
  8812 | D:9      | Reached skill level 12 in Maces & Flails
  9095 | D:10     | Found a shimmering altar of Xom.
  9181 | D:10     | Reached XP level 11. HP: 55/71 MP: 11/11
  9604 | D:10     | Found a staircase to the Orcish Mines.
  9968 | D:11     | Noticed a cyclops
  9981 | D:11     | Killed a cyclops
 10187 | D:11     | Found a staircase to the Lair.
 10286 | D:11     | Reached skill level 13 in Maces & Flails
 10290 | D:11     | Received a gift from Trog
 10300 | D:11     | Reached skill level 10 in Fighting
 10450 | D:11     | Noticed an orc knight
 10471 | D:11     | Killed an orc knight
 10499 | D:11     | Reached ****** piety under Trog
 10646 | D:11     | Noticed a centaur warrior
 10660 | D:11     | Killed a centaur warrior
 10661 | D:11     | Reached XP level 12. HP: 68/78 MP: 12/12
 10736 | D:11     | Noticed a seven-headed hydra
 10736 | D:11     | Noticed a two-headed ogre
 10746 | D:11     | Killed a seven-headed hydra
 10756 | D:11     | Reached skill level 14 in Maces & Flails
 10773 | D:11     | Killed a two-headed ogre
 11293 | Lair:1   | Entered Level 1 of the Lair of Beasts
 11583 | Lair:1   | Noticed Maggie
 11596 | Lair:1   | Killed Maggie
 11953 | Lair:1   | Noticed Fannar
 11986 | Lair:1   | Killed Fannar
 12428 | Lair:2   | Identified the +0 plate armour of the Doldrums {rElec rC++
                  | rCorr Dex-4}
 12486 | Lair:2   | Reached skill level 10 in Armour
 12778 | Lair:2   | Found a staircase to the Snake Pit.
 12961 | Lair:2   | Received a gift from Trog
 13287 | Lair:3   | Found a staircase to the Swamp.
 13297 | Lair:3   | Reached skill level 15 in Maces & Flails
 13415 | Lair:3   | Noticed a catoblepas
 13429 | Lair:3   | Killed a catoblepas
 13430 | Lair:3   | Reached XP level 13. HP: 67/84 MP: 13/13
 14165 | Lair:4   | Found a frozen archway.
 14186 | IceCv    | Entered an ice cave
 14640 | IceCv    | Noticed a frost giant
 14671 | IceCv    | Killed a frost giant
 14686 | IceCv    | Identified the +13 great mace of Trog's Benevolence
                  | {vorpal, rElec Int+3 Dex+2} (Trog gifted it to you in an
                  | ice cave)
 14686 | IceCv    | Received a gift from Trog
 14701 | IceCv    | Reached skill level 16 in Maces & Flails
 15494 | Lair:4   | Gained mutation: Your large and strong wings let you fly.
                  | [Gargoyle growth]
 15494 | Lair:4   | Reached XP level 14. HP: 93/94 MP: 14/14
 15863 | Lair:5   | Found a staircase to the Slime Pits.
 15863 | Lair:5   | Found a viscous altar of Jiyva.
 16471 | Lair:6   | Entered Level 6 of the Lair of Beasts
 16767 | Lair:6   | Reached skill level 17 in Maces & Flails
 16774 | Lair:6   | Reached skill level 5 in Dodging
 16810 | Lair:6   | Received a gift from Trog
 17116 | Lair:6   | Reached XP level 15. HP: 72/100 MP: 15/15
 18094 | D:12     | Noticed Maurice
 18123 | D:12     | Killed Maurice
 18891 | D:13     | Reached skill level 18 in Maces & Flails
 19207 | D:13     | Found a gate to the Vaults.
 19913 | D:13     | Found a shadowy altar of Dithmenos.
 20022 | D:14     | Found an ornate altar of the Wu Jian Council.
 20064 | D:14     | Noticed a fire giant
 20065 | D:14     | Received a gift from Trog
 20086 | D:14     | Killed a fire giant
 20164 | D:14     | Reached skill level 15 in Fighting
 20209 | D:14     | Cast into level 2 of the Abyss (a wizard)
 20229 | Abyss:2  | Noticed a lich
 20242 | Abyss:2  | Killed a lich
 20359 | Abyss:2  | Noticed a lich
 20367 | Abyss:2  | Killed a lich
 20368 | Abyss:2  | Reached XP level 16. HP: 39/108 MP: 16/16
 20385 | D:14     | Escaped the Abyss
 20388 | D:14     | HP: 5/108 [yaktaur captain/bolt (14)]
 20388 | D:14     | Shot with a bolt by a yaktaur captain

Illustrated notes

Levels and vault maps discovered:
D:1:      onia_arrival_mini_spirals, layout_loops_corners,
          basic_ecumenical_altar
D:2:      layout_loops_corners, lexackson_kobold_supper, uniq_jessica
D:3:      layout_basic, nemelex_spade_bored_becter, serial_bayou_pond_d
D:4:      layout_basic, minmay_temple_entry_hall, serial_shops,
          nicolae_shop_behind_doors, uniq_robin
D:5:      layout_gridville, gup_sewer_entry_bowl, ebering_dispersal_statue_hall
D:6:      layout_loops_ring
D:7:      layout_rooms, lemuel_round_altar, cheibriados_altar_1,
          nicolae_ossuary_entry_plus, uniq_joseph
D:8:      layout_basic, st_stairs_10
D:9:      layout_basic, nicolae_overflow_crystal_walls,
          grunt_temple_overflow_open, serial_ice, serial_ice_k, serial_ice_g,
          serial_ice_o, serial_ice_a, serial_ice_d, serial_ice_e
D:10:     layout_gridville, kennysheep_little_box, orc_0_dummy,
          chequers_decorated_corner, abandoned_shop, grunt_ministairs_14
D:11:     minmay_opposing_rooms, layout_basic, grunt_lair_entry_orc_guard_hut,
          special_room [special_room_orc]
D:12:     layout_basic, uniq_maurice
D:13:     layout_roguey, ximxim_vaults_locker_room, grunt_dithmenos_shadows
D:14:     minmay_complete_graph, layout_loops_ring,
          pdpol_wu_jian_five_deadly_venoms, serial_park_tiny_1,
          minmay_starry_boxes
Lair:1:   layout_cave_pods, grunt_megastairs_2, infiniplex_staircase_pool,
          minmay_lair_oklob_chamber, uniq_fannar, uniq_maggie
Lair:2:   layout_chaotic_city, minmay_snake_entry_guardpost_small,
          serial_bayou_shore_a
Lair:3:   layout_cave_pods, skrybe_swamp_entry_bodies
Lair:4:   layout_regular_city, portal_ice_cave_rime,
          chequers_serial_rivers_micro_d
Lair:5:   layout_big_grid, slime_altar_1, grunt_megastairs_5,
          infiniplex_staircase_pool_2
Lair:6:   evilmike_catoblepas_cave, layout_regular_city, lemuel_fruit_tree

Skill      XL: |  1  2  3  4  5  6  7  8  9 10 11 12 13 14 15 |
---------------+----------------------------------------------+-----
Fighting       | 4 5 6 7 9 10 11 13 14 15 | 15.3
Stealth        | 1 2 3 4 |  4.7
Maces & Flails | 4 5 6 8 10 12 13 15 16 17 18 | 18.8
Dodging        | 2 3 4 5 |  5.4
Armour         | 3 4 5 6 7 9 10 11 12 13 | 13.1
Evocations     | |  0.6

Action                   |  1- 3 |  4- 6 |  7- 9 | 10-12 | 13-15 | 16-18 || total
-------------------------+-------+-------+-------+-------+-------+-------++-------
Melee: Mace              |   128 |   192 |   111 |       |       |       ||   431
       Morningstar       |       |       |   323 |   614 |       |       ||   937
       Dire flail        |       |       |       |    28 |   337 |       ||   365
       Great mace        |       |       |       |       |   507 |     6 ||   513
Invok: Berserk           |       |     2 |     6 |     7 |     5 |       ||    20
       Trog's Hand       |       |     1 |       |       |       |       ||     1
       Brothers in Arms  |       |       |       |     1 |     1 |       ||     2
Evoke: Wand              |       |       |       |     4 |       |       ||     4
       Condenser vane    |       |       |       |       |       |     1 ||     1
  Use: Potion            |       |     5 |       |     1 |     3 |     5 ||    14
       Scroll            |       |     5 |     5 |     5 |    14 |     1 ||    30
 Stab: Petrified         |       |       |       |       |     5 |       ||     5
       Petrifying        |       |       |       |       |     1 |       ||     1
Armor: Animal skin       |     8 |       |       |       |       |       ||     8
       Chain mail        |    85 |   214 |   335 |   516 |   571 |    37 ||  1758
Dodge: Dodged            |    77 |   120 |   222 |   307 |   384 |    15 ||  1125

Table legend: (Time is in decaauts)
 A = Elapsed time spent in this place.
 B = Non-inter-level travel time spent in this place.
 C = Inter-level travel time spent in this place.
 D = Time resting spent in this place.
 E = Time spent auto-exploring this place.
 F = Levels seen in this place.
 G = Mean time per level.
                   A        B        C        D        E       F      G
               +--------+--------+--------+--------+--------+-----+--------+
         Total |  20317 |  20121 |    196 |   1684 |  13675 |  24 |  846.5 |
       Dungeon |  13433 |  13237 |    196 |   1295 |   9049 |  14 |  959.5 |
          Lair |   5419 |   5419 |      0 |    235 |   3954 |   6 |  903.2 |
         Abyss |    185 |    185 |      0 |     38 |     26 |   1 |  185.0 |
         Sewer |    158 |    158 |      0 |      0 |     50 |   1 |  158.0 |
       Ossuary |    316 |    316 |      0 |      0 |    176 |   1 |  316.0 |
      Ice Cave |    803 |    803 |      0 |    116 |    420 |   1 |  803.0 |
               +--------+--------+--------+--------+--------+-----+--------+

Top non-repeatable levels by time:
     D:4: 1585 daAuts
    D:11: 1455 daAuts
    D:13: 1145 daAuts
  Lair:1: 1141 daAuts
     D:2: 1129 daAuts
     D:1: 1102 daAuts
    D:12: 1080 daAuts
    D:10: 1063 daAuts
  Lair:6: 1046 daAuts
     D:5: 973 daAuts
     D:9: 899 daAuts
  Lair:3: 898 daAuts
     D:6: 869 daAuts
  Lair:4: 849 daAuts
     D:8: 816 daAuts
